Map: Acid Plant LE

Players

PtitDrogo - Winner!

  • Race: Protoss Protoss
  • Spawn Location: 5:00

HellraiseR

  • Race: Protoss Protoss
  • League: Master
  • Spawn Location: 11:00

Event: HomeStory Cup XVII

VOD

Have the link to the VOD?

Description

Time

  • Played on: June 29, 2018, 10:30 a.m.
  • Length: 6:17

All games in this series

Show
View Real Time Build Order
Export as new Build Order

PtitDrogo Protoss - Winner!

Build Orders: Oracle Opening 

Get SALT Encoding   

  12  0:00  Probe  
  13  0:13  Probe  
  14  0:17  Pylon  
  14  0:24  Probe  
  15  0:32  Probe  
  15  0:38  Gateway  
  15  0:40  Probe  
  16  0:46  Assimilator  
  17  0:50  Probe  
  17  0:54  Assimilator  
  18  0:58  Probe  
  19  1:06  Probe  
  19  1:07  Gateway  
  20  1:17  Probe  
  20  1:25  Cybernetics Core  
  21  1:29  Probe  
  22  1:36  Pylon  
  22  1:42  Probe  
  23  1:54  Probe  
  23  2:00  Stalker x2  
  28  2:03  Warp Gate  
  28  2:16  Pylon  
  28  2:27  Stargate  
  28  2:35  Stalker  
  28  2:36  Stalker  
  31  3:02  Oracle  
  31  3:10  Nexus  
  34  3:18  Probe  
  33  3:30  Oracle  
  31  3:36  Probe  
  31  3:37  Shield Battery  
  35  3:44  Pylon  
  35  3:49  Probe  
  36  3:57  Robotics Facility  
  36  4:11  Stalker  
  36  4:17  Probe  
  39  4:19  Stalker  
  41  4:24  Probe  
  42  4:38  Probe  
  42  4:39  Probe  
  42  4:44  Stalker  
  42  4:45  Stalker  
  48  4:51  Probe  
  48  4:52  Probe  
  46  4:59  Phoenix  
  45  5:03  Probe  
  45  5:04  Probe  
  47  5:12  Stalker  
  51  5:16  Stalker  
  51  5:20  Probe  
  54  5:21  Probe  
  55  5:37  Probe  
  55  5:38  Probe  
  57  5:44  Observer  
  57  5:45  Forge  
  57  5:49  Probe  
  55  6:08  Stalker x2  
Show
View Real Time Build Order
Export as new Build Order

HellraiseR Protoss 

Build Orders: Oracle Opening 

Get SALT Encoding   

  12  0:01  Probe  
  13  0:13  Probe  
  14  0:17  Pylon  
  14  0:22  Probe  
  15  0:31  Probe  
  16  0:38  Gateway  
  16  0:41  Probe  
  16  0:46  Assimilator  
  17  0:52  Probe  
  17  0:55  Assimilator  
  18  1:00  Probe  
  19  1:08  Gateway, Probe  
  20  1:19  Probe  
  20  1:25  Cybernetics Core  
  21  1:31  Probe  
  22  1:36  Pylon  
  22  1:44  Probe  
  23  1:56  Probe  
  23  2:00  Stalker x2  
  28  2:01  Warp Gate  
  28  2:08  Probe  
  29  2:12  Pylon  
  29  2:30  Stalker x2  
  33  2:39  Stargate  
  33  3:03  Nexus  
  33  3:09  Oracle, Probe  
  34  3:20  Pylon  
  35  3:30  Stalker  
  35  3:40  Oracle  
  36  3:51  Probe  
  37  4:05  Twilight Council  
  34  4:26  Stalker  
  34  4:28  Probe  
  36  4:34  Probe  
  36  4:36  Probe  
  34  4:42  Probe  
  34  4:44  Probe  
  35  4:50  Probe  
  34  4:53  Stalker  
  34  4:54  Probe  
  38  5:02  Probe  
  38  5:06  Probe  
  40  5:11  Probe  
  41  5:14  Probe, Stalker  
  41  5:17  Stalker  
  41  5:19  Probe  
  46  5:22  Probe  
  46  5:28  Probe  
  48  5:32  Probe  
  48  5:34  Pylon  
  51  5:44  Stalker  
  51  5:45  Stalker  
  54  5:50  Probe x2  
  49  6:02  Probe x2  
  48  6:10  Stalker x2  
Tags
 
Add a new tag
Caveats
  • Supply blocks, unpowered buildings, or Contaminate may cause inaccurate times.
  • Supply counts are checked every 10 seconds.